SAA
DURHAM RAPIERS @ WESTWOOD SIXSHOOTERS
08/19/2029
 
TOP OF THE 1ST
Durham Rapiers batting - Pitching for Westwood Sixshooters : RHP Ray Mangas
Pitching: RHP Ray Mangas
Batting: SHB Anthony Hopkins 0-0: Ball
1-0: Foul Ball, location: 2F
1-1: Ball
2-1: Called Strike
2-2: Ball
3-2: Strikes out swinging
Batting: RHB Tomás Costello 0-0: Called Strike
0-1: Ball
1-1: Swinging Strike
1-2: Strikes out swinging
Batting: LHB Tung Ji 0-0: Swinging Strike
0-1: Foul Ball, location: 2F
0-2: Ball
1-2: Ball
2-2: Fly out, F7 (Line Drive, 7LM)
Top of the 1st over - 0 runs, 0 hits, 0 errors, 0 left on base; Durham 0 - Westwood 0
BOTTOM OF THE 1ST
Westwood Sixshooters batting - Pitching for Durham Rapiers : LHP Francisco Burgos
Pitching: LHP Francisco Burgos
Batting: LHB Mitchell Cusimano 0-0: Ball
1-0: Ball
2-0: DOUBLE (Line Drive, 9LS)
Batting: RHB Jesús Ruano 0-0: Called Strike
0-1: Ball
1-1: SINGLE (Groundball, 56S) (infield hit)
Mitchell Cusimano to third
Batting: RHB Richard Cutshall 0-0: Ground out U3 (Groundball, 34)
Mitchell Cusimano scores
Jesús Ruano to second
Batting: LHB Bob Daugherty 0-0: Called Strike
0-1: Swinging Strike
0-2: Ball
1-2: Ground out 1-3 (Groundball, 13S)
Jesús Ruano to third
Batting: RHB Steve Bock 0-0: SINGLE (Line Drive, 8LS)
Jesús Ruano scores
Batting: LHB José Vázquez 0-0: Called Strike
0-1: Ball
1-1: Reached on error, E5 (Groundball, 5)
Steve Bock to second
Batting: SHB Arsenio Sameiro 0-0: Ball
1-0: Fly out, F9 (Flyball, 89S)
Bottom of the 1st over - 2 runs, 3 hits, 1 error, 2 left on base; Durham 0 - Westwood 2
TOP OF THE 2ND
Durham Rapiers batting - Pitching for Westwood Sixshooters : RHP Ray Mangas
Batting: RHB Vincent Klein 0-0: Ball
1-0: Fly out, F7 (Line Drive, 7)
Batting: RHB Raúl Moreno 0-0: Called Strike
0-1: Ground out 6-3 (Groundball, 6)
Batting: SHB Cash Masters 0-0: DOUBLE (Line Drive, 9LD)
Batting: RHB Yoshi Kouda 0-0: Ball
1-0: Ball
2-0: Ball
3-0: Swinging Strike
3-1: Foul Ball, location: 2F
3-2: Strikes out swinging
Top of the 2nd over - 0 runs, 1 hit, 0 errors, 1 left on base; Durham 0 - Westwood 2
BOTTOM OF THE 2ND
Westwood Sixshooters batting - Pitching for Durham Rapiers : LHP Francisco Burgos
Batting: RHB Nick Hoskins 0-0: Fly out, F7 (Flyball, 7)
Batting: LHB Phil Minor 0-0: Bunt for hit - play at first, batter OUT! 5-3
Batting: LHB Mitchell Cusimano 0-0: SINGLE (Line Drive, 89S)
Batting: RHB Jesús Ruano 0-0: Swinging Strike
0-1: Foul Ball, location: 2F
0-2: Ball
1-2: Strikes out swinging, 2-3 out at first.
Bottom of the 2nd over - 0 runs, 1 hit, 0 errors, 1 left on base; Durham 0 - Westwood 2
TOP OF THE 3RD
Durham Rapiers batting - Pitching for Westwood Sixshooters : RHP Ray Mangas
Batting: SHB Wenceslas Holbeche 0-0: Ground out 4-3 (Groundball, 4M)
Batting: RHB Júlio Gonzáles 0-0: Ball
1-0: Ball
2-0: Foul Ball, location: 2F
2-1: Foul Ball, location: 2F
2-2: Ball
3-2: Base on Balls
Batting: SHB Anthony Hopkins 0-0: Called Strike
0-1: Ball
1-1: Swinging Strike
1-2: Ground out U3 (Groundball, 34)
Júlio Gonzáles to second
Batting: RHB Tomás Costello 0-0: Fly out, F5 (Line Drive, 5)
Top of the 3rd over - 0 runs, 0 hits, 0 errors, 1 left on base; Durham 0 - Westwood 2
BOTTOM OF THE 3RD
Westwood Sixshooters batting - Pitching for Durham Rapiers : LHP Francisco Burgos
Batting: RHB Richard Cutshall 0-0: Called Strike
0-1: Ball
1-1: Ball
2-1: Foul Ball, location: 2F
2-2: Ground out U3 (Groundball, 34S)
Batting: LHB Bob Daugherty 0-0: Called Strike
0-1: Foul Ball, location: 2F
0-2: Foul Ball, location: 2F
0-2: Ball
1-2: Ball
2-2: Ball
3-2: Strikes out swinging
Batting: RHB Steve Bock 0-0: Ball
1-0: Ground out 4-3 (Groundball, 4)
Bottom of the 3rd over - 0 runs, 0 hits, 0 errors, 0 left on base; Durham 0 - Westwood 2
TOP OF THE 4TH
Durham Rapiers batting - Pitching for Westwood Sixshooters : RHP Ray Mangas
Batting: LHB Tung Ji 0-0: Ball
1-0: Ball
2-0: SINGLE (Groundball, 4S) (infield hit)
Batting: RHB Vincent Klein 0-0: Called Strike
0-1: Called Strike
0-2: Foul Ball, location: 2F
0-2: Ball
1-2: Strikes out swinging
Batting: RHB Raúl Moreno 0-0: Called Strike
0-1: Called Strike
0-2: Ball
Tung Ji steals 2nd base
1-2: Ground out 6-3 (Groundball, 6)
Tung Ji to third
Batting: SHB Cash Masters 0-0: Ball
1-0: Ground out 4-3 (Groundball, 4)
Top of the 4th over - 0 runs, 1 hit, 0 errors, 1 left on base; Durham 0 - Westwood 2
BOTTOM OF THE 4TH
Westwood Sixshooters batting - Pitching for Durham Rapiers : LHP Francisco Burgos
Batting: LHB José Vázquez 0-0: Swinging Strike
0-1: Called Strike
0-2: Ball
1-2: Strikes out swinging
Batting: SHB Arsenio Sameiro 0-0: Ground out 5-3 (Groundball, 25)
Batting: RHB Nick Hoskins 0-0: Ball
1-0: Swinging Strike
1-1: Fly out, F4 (Popup, 4S)
Bottom of the 4th over - 0 runs, 0 hits, 0 errors, 0 left on base; Durham 0 - Westwood 2
TOP OF THE 5TH
Durham Rapiers batting - Pitching for Westwood Sixshooters : RHP Ray Mangas
Batting: RHB Yoshi Kouda 0-0: Ball
1-0: Ground out 4-3 (Groundball, 34)
Batting: SHB Wenceslas Holbeche 0-0: Swinging Strike
0-1: Ball
1-1: Ball
2-1: Foul Ball, location: 2F
2-2: Strikes out swinging
Batting: RHB Júlio Gonzáles 0-0: Ball
1-0: Ball
2-0: Called Strike
2-1: Swinging Strike
2-2: Ball
3-2: Strikes out swinging
Top of the 5th over - 0 runs, 0 hits, 0 errors, 0 left on base; Durham 0 - Westwood 2
BOTTOM OF THE 5TH
Westwood Sixshooters batting - Pitching for Durham Rapiers : LHP Francisco Burgos
Batting: LHB Phil Minor 0-0: Ball
1-0: Called Strike
1-1: Ball
2-1: Swinging Strike
2-2: Foul Ball, location: 2F
2-2: Strikes out looking
Batting: LHB Mitchell Cusimano 0-0: Ball
1-0: Called Strike
1-1: Called Strike
1-2: Foul Ball, location: 2F
1-2: Ball
2-2: DOUBLE (Line Drive, 7LM)
Batting: RHB Jesús Ruano 0-0: Ball
1-0: Called Strike
1-1: Ground out U3 (Groundball, 34)
Mitchell Cusimano to third
Batting: RHB Richard Cutshall 0-0: Ball
1-0: Fly out, F8 (Flyball, 8RD)
Bottom of the 5th over - 0 runs, 1 hit, 0 errors, 1 left on base; Durham 0 - Westwood 2
TOP OF THE 6TH
Durham Rapiers batting - Pitching for Westwood Sixshooters : RHP Ray Mangas
Batting: SHB Anthony Hopkins 0-0: Called Strike
0-1: Ball
1-1: Ball
2-1: Ball
3-1: Foul Ball, location: 2F
3-2: Foul Ball, location: 2F
3-2: Base on Balls
Batting: RHB Tomás Costello 0-0: Ball
Anthony Hopkins is caught stealing 2nd base
1-0: Called Strike
1-1: Foul Ball, location: 2F
1-2: Ball
2-2: Fly out, F9 (Flyball, 89M)
Batting: LHB Tung Ji 0-0: Called Strike
0-1: Ball
1-1: Foul Ball, location: 2F
1-2: Ball
2-2: Foul Ball, location: 2F
2-2: Strikes out swinging
Top of the 6th over - 0 runs, 0 hits, 0 errors, 0 left on base; Durham 0 - Westwood 2
BOTTOM OF THE 6TH
Westwood Sixshooters batting - Pitching for Durham Rapiers : LHP Francisco Burgos
Batting: LHB Bob Daugherty 0-0: Swinging Strike
0-1: Ball
1-1: Ball
2-1: Foul Ball, location: 2F
2-2: Ball
3-2: Base on Balls
Batting: RHB Steve Bock 0-0: Ball
1-0: Foul Ball, location: 2F
1-1: Foul Ball, location: 2F
1-2: Strikes out swinging
Batting: LHB José Vázquez 0-0: SINGLE (Groundball, 34)
Bob Daugherty to second
Runner from 2nd tries for 3rd, SAFE, no throw
Batting: SHB Arsenio Sameiro 0-0: Called Strike
0-1: Called Strike
0-2: Foul Ball, location: 2F
0-2: Strikes out swinging
Batting: RHB Nick Hoskins 0-0: Called Strike
0-1: Ball
1-1: Ball
2-1: Called Strike
2-2: Foul Ball, location: 2F
2-2: Strikes out swinging
Bottom of the 6th over - 0 runs, 1 hit, 0 errors, 2 left on base; Durham 0 - Westwood 2
TOP OF THE 7TH
Durham Rapiers batting - Pitching for Westwood Sixshooters : RHP Ray Mangas
Pitching: RHP Raúl Colón
Batting: RHB Vincent Klein 0-0: Ball
1-0: Ball
2-0: Called Strike
2-1: Ground out 6-3 (Groundball, 6)
Batting: RHB Raúl Moreno 0-0: Ball
1-0: Foul Ball, location: 2F
1-1: Ball
2-1: Foul Ball, location: 2F
2-2: Strikes out swinging
Batting: SHB Cash Masters 0-0: SINGLE (Groundball, 34D)
Batting: RHB Yoshi Kouda 0-0: Ball
1-0: Ground out 4-3 (Groundball, 4)
Top of the 7th over - 0 runs, 1 hit, 0 errors, 1 left on base; Durham 0 - Westwood 2
BOTTOM OF THE 7TH
Westwood Sixshooters batting - Pitching for Durham Rapiers : LHP Francisco Burgos
Batting: LHB Phil Minor 0-0: Ball
1-0: Ball
2-0: SINGLE (Line Drive, 9LS)
Batting: LHB Mitchell Cusimano 0-0: Ball
1-0: Called Strike
1-1: Bunted foul
1-2: Foul Ball, location: 2F
1-2: Ball
2-2: DOUBLE (Line Drive, 8LD)
Phil Minor to third
Runner from 3rd tries for Home, SAFE, no throw
Batting: RHB Jesús Ruano 0-0: Called Strike
Mitchell Cusimano steals 3rd base
0-1: Ball
1-1: Ball
2-1: Foul Ball, location: 2F
2-2: DOUBLE (Line Drive, 78D)
Mitchell Cusimano scores
Batting: RHB Richard Cutshall 0-0: Intentional Walk
Batting: LHB Bob Daugherty 0-0: Called Strike
0-1: Called Strike
0-2: Ball
1-2: Strikes out looking
Batting: RHB Steve Bock 0-0: Ball
1-0: Foul Ball, location: 2F
1-1: Foul Ball, location: 2F
1-2: Strikes out swinging
Batting: LHB José Vázquez 0-0: Called Strike
0-1: Called Strike
0-2: Fly out, F5 (Popup, 15)
Bottom of the 7th over - 2 runs, 3 hits, 0 errors, 2 left on base; Durham 0 - Westwood 4
TOP OF THE 8TH
Durham Rapiers batting - Pitching for Westwood Sixshooters : RHP Raúl Colón
Batting: SHB Wenceslas Holbeche 0-0: Ground out 5-3 (Groundball, 56)
Batting: RHB Júlio Gonzáles 0-0: Ball
1-0: Called Strike
1-1: Foul Ball, location: 2F
1-2: Strikes out swinging
Batting: SHB Anthony Hopkins 0-0: Foul Ball, location: 2F
0-1: Ball
1-1: Fly out, F9 (Line Drive, 9)
Top of the 8th over - 0 runs, 0 hits, 0 errors, 0 left on base; Durham 0 - Westwood 4
BOTTOM OF THE 8TH
Westwood Sixshooters batting - Pitching for Durham Rapiers : LHP Francisco Burgos
Batting: SHB Arsenio Sameiro 0-0: Called Strike
0-1: Ball
1-1: Foul Ball, location: 2F
1-2: Fly out, F9 (Flyball, 9S)
Batting: RHB Nick Hoskins 0-0: Fly out, F8 (Flyball, 78D)
Batting: LHB Phil Minor 0-0: Fly out, F8 (Flyball, 8LD)
Bottom of the 8th over - 0 runs, 0 hits, 0 errors, 0 left on base; Durham 0 - Westwood 4
TOP OF THE 9TH
Durham Rapiers batting - Pitching for Westwood Sixshooters : RHP Raúl Colón
Batting: RHB Tomás Costello 0-0: Ground out 4-3 (Groundball, 4)
Batting: LHB Tung Ji 0-0: Ball
1-0: Ground out 1-3 (Groundball, 13)
Batting: RHB Vincent Klein 0-0: Called Strike
0-1: Foul Ball, location: 2F
0-2: Fly out, F8 (Flyball, 8RM)
Top of the 9th over - 0 runs, 0 hits, 0 errors, 0 left on base; Durham 0 - Westwood 4
Tuesday, December 19th, 2017 - OOTP Baseball 18.8 Build 76